 Dungeon Crawl Stone Soup version 0.32-a0-407-g4da7c8d6d1 (webtiles) character file.

Game seed: 2680170438638045649

1 Goblin1989 the Sneak (level 1, -3/18 HPs)
             Began as a Demonspawn Delver on Feb 21, 2024.
             Was an Initiate of Gozag.
             Slain by a gnoll
             ... wielding a +0 club
              (7 damage)
             ... on level 4 of the Dungeon.
             The game lasted 00:03:28 (212 turns).

Goblin1989 the Sneak (Demonspawn Delver)             Turns: 212, Time: 00:03:28

Health: -3/18      AC:  3    Str: 12    XL:     1   Next: 16%
Magic:  1/1        EV: 11    Int: 10    God:    Gozag
Gold:   67         SH:  0    Dex: 14    Spells: 0/0 levels left

rFire   . . .        a - +0 short sword
rCold   . . .        (no shield)
rNeg    . . .        b - +0 leather armour
rPois   .            (no helmet)
rElec   .            (no cloak)
rCorr   .            (no gloves)
SInv    .            (no boots)
Will    .....        (no amulet)
Stlth   ++           (no ring)
HPRegen 0.23/turn    (no ring)
MPRegen 0.07/turn

%: no passive effects
@: no status effects
A: no striking features
a: Renounce Religion, Potion Petition, Call Merchant, Bribe Branch


You were on level 4 of the Dungeon.
You worshipped Gozag.
Gozag was noncommittal.
You visited 1 branch of the dungeon, and saw 3 of its levels.

You collected 106 gold pieces.
You paid 39 gold pieces to Gozag.

Inventory:

Hand Weapons
 a - a +0 short sword (weapon)
Missiles
 i - 5 stones (quivered)
Armour
 b - a +0 leather armour (worn)
Wands
 g - a wand of digging (3) {@v3}
Scrolls
 c - 2 scrolls of fog
Potions
 h - a potion of curing {unknown}


   Skills:
 - Level 3.0 Fighting
 + Level 1.8 Short Blades
 - Level 1.7 Dodging
 + Level 4.5 Stealth


You couldn't memorise any spells.
You didn't know any spells.
Your spell library contained the following spells:

 Spells                   Type           Power      Damage    Failure   Level
 Shock                    Conj/Air       0%         1d3       43%         1
 Static Discharge         Conj/Air       0%         3-3/arc   58%         2
 Swiftness                Air            0%         N/A       82%         3
 Airstrike                Air            0%         2d(0-16)  99%         4
 Summon Lightning Spire   Summ/Air       0%         N/A       99%         4


Dungeon Overview and Level Annotations

Branches:
Dungeon (5/15) Zot: 17806
 Temple: D:4-7

Altars:
Gozag
Okawaru

Shops:
D:4 (


Message History

You pay a service fee of 39 gold.
There is an open door here.
As you read the scroll of revelation, it crumbles to dust.
You feel aware of your surroundings.
You sensed 1 altar.
Found an iron altar of Okawaru.
Found a short sword.
A black bear comes into view.
Okay, then.
You feel yourself speed up. The scorpion stings you.
You take 3 damage, and have 15/18 hp.
An orc wizard comes into view.
It is wielding a +0 dagger of protection.
Found 14 gold pieces.
An adder comes into view.
The black bear growls angrily.
The orc wizard shouts!
You hear a shout!
Found a stone staircase leading up.
There is a stone staircase leading up here.
You climb upwards.
Found a book of Storms.
There is a stone staircase leading down here.
Health restored: 18 You pick up a book of Storms and begin reading...
You add the spells Static Discharge, Airstrike and Summon Lightning Spire to your library.
Found a book of Air.
Found Utunuche's Antique Weapon Emporium.
You pick up a book of Air and begin reading...
You add the spells Shock and Swiftness to your library.
There is an entrance to Utunuche's Antique Weapon Emporium here.
You can access your shopping list by pressing '$'.
An iguana comes into view.
There is an entrance to Utunuche's Antique Weapon Emporium here.
Found 14 gold pieces.
You now have 67 gold pieces (gained 14).
Your extra speed is starting to run out.
You feel yourself slow down.
An adder comes into view.
Found 5 stones.
Found a scroll of fog.
c - 2 scrolls of fog (gained 1)
Found 5 stones.
Found a stone staircase leading up.
Found a stone staircase leading up and a stone staircase leading down.
There is a stone staircase leading up here.
You climb upwards.
There is a stone staircase leading down here.
You climb downwards.
There is a stone staircase leading up here.
You see here 5 stones.
i - 5 stones
There is a stone staircase leading up here.
You climb upwards.
Found an ivory dagger, 8 gold pieces and a sling.
There is a stone staircase leading down here.
Unknown command.
The helpless kobold fails to defend itself.
You puncture the kobold!
You kill the kobold!
The gnoll shouts! x4
The gnoll hits you from afar with a +0 halberd.
The gnoll barely misses you.
You climb downwards.
There is a stone staircase leading up here.
You take 5 damage, and have 13/18 hp.
MASSIVE DAMAGE!!
Unknown command.
You barely miss the gnoll. The gnoll closely misses you.
You barely miss the gnoll. The gnoll barely misses you.
You hit the gnoll but do no damage. The gnoll hits you with a +0 club.
You take 3 damage, and have 10/18 hp.
You barely miss the gnoll. The gnoll barely misses you.
You hit the gnoll.
The gnoll is lightly wounded.
The gnoll hits you with a +0 club.
* * * LOW HITPOINT WARNING * * *
You take 5 damage, and have 5/18 hp.
MASSIVE DAMAGE!!
You hit the gnoll but do no damage.
The gnoll is lightly wounded.
The gnoll closely misses you.
You hit the gnoll.
The gnoll is moderately wounded.
The gnoll hits you with a +0 club.
* * * LOW HITPOINT WARNING * * *
You take 1 damage, and have 4/18 hp.
You closely miss the gnoll.
The gnoll is moderately wounded.
You hit the gnoll but do no damage.
The gnoll is moderately wounded.
The gnoll barely misses you.
You barely miss the gnoll.
The gnoll is moderately wounded.
The gnoll barely misses you.
You hit the gnoll.
The gnoll is moderately wounded.
The gnoll hits you with a +0 club.
* * * LOW HITPOINT WARNING * * *
You take 1 damage, and have 4/18 hp.
You hit the gnoll.
The gnoll is heavily wounded.
The gnoll hits you with a +0 club!
You die...
Your body crumbles into a pile of gold.

██...█.█...██.....█.█
███....█
█..ß.█ß█.ß........█.█
█.....█
███....█.█....█.█████.█
█.....█ ......█.█.█...█.█
█.█ █.....█
.████.█████...█.█
█.████████.██ . █...
█████.█████..........█ S
█.... ..██....██████████ .
█....█████████...........█
.
............@g......<....▲
. █.
..████████████........█ .
█........█ █..>.....█
█........█ █........█


██████████ You could see a gnoll.

Vanquished Creatures
  A kobold (D:3)
1 creature vanquished.

Notes
Turn   | Place    | Note
-------+----------+-------------------------------------------
     0 | D:5      | Goblin1989 the Demonspawn Delver began the quest for the
                  | Orb.
     0 | D:5      | Reached XP level 1. HP: 18/18 MP: 1/1
     3 | D:5      | Noticed a scorpion
    36 | D:5      | Became a worshipper of Gozag Ym Sagoz the Greedy
    49 | D:5      | Found an iron altar of Okawaru.
    55 | D:5      | Noticed a black bear
    61 | D:5      | Noticed an orc wizard
    81 | D:4      | Found Utunuche's Antique Weapon Emporium.
    91 | D:4      | Noticed an iguana
   212 | D:4      | Slain by a gnoll

Illustrated notes

Levels and vault maps discovered:
D:3:      layout_basic, minmay_box_of_dots
D:4:      black_bear_nest_2, layout_basic, minmay_temple_entry_mist,
          serial_shops, shop, amcnicky_mini_corridor_feature,
          nicolae_twisty_statue_hallways
D:5:      layout_layer_cave, amcnicky_altar_gilded,
          mainiacjoe_overflow_surrounded_room, uniq_duvessa,
          uniq_prince_ribbit1, uniq_ijyb

Action                     || total
---------------------------++-------
  Melee: Short sword       ||    13
    Use: Scroll            ||     2
         Potion            ||     1
   Stab: Sleeping          ||     1
 Armour: Leather armour    ||     7
  Dodge: Dodged            ||     7

Table legend: (Time is in decaauts)
 A = Elapsed time spent in this place.
 B = Non-inter-level travel time spent in this place.
 C = Inter-level travel time spent in this place.
 D = Time resting spent in this place.
 E = Time spent auto-exploring this place.
 F = Levels seen in this place.
 G = Mean time per level.
                   A        B        C        D        E       F      G
               +--------+--------+--------+--------+--------+-----+--------+
         Total |    192 |    192 |      0 |      0 |      0 |   3 |   64.0 |
       Dungeon |    192 |    192 |      0 |      0 |      0 |   3 |   64.0 |
               +--------+--------+--------+--------+--------+-----+--------+

Top non-repeatable levels by time:
     D:4: 122 daAuts
     D:5: 65 daAuts
     D:3: 4 daAuts
